 Dungeon Crawl Stone Soup version 0.31.0-12-g77e489cdc1 (webtiles) character file.

Game seed: 17458971291742109133

5 ChadusMaximus the Caller (level 1, -2/13 HPs)
             Began as a Barachi Summoner on Mar 3, 2024.
             Slain by a cerulean imp
             ... wielding a +2 spear
             ... summoned by Natasha
              (5 damage)
             ... on level 2 of the Dungeon.
             The game lasted 00:00:34 (611 turns).

ChadusMaximus the Caller (Barachi Summoner)          Turns: 611, Time: 00:00:36

Health: -2/13      AC:  2    Str:  9    XL:     1   Next: 80%
Magic:  3/3        EV: 12    Int: 15    God:
Gold:   28         SH:  0    Dex: 12    Spells: 3/4 levels left

rFire   . . .        d - +0 spear
rCold   . . .        (no shield)
rNeg    . . .        a - +0 robe
rPois   .            (no helmet)
rElec   .            (no cloak)
rCorr   .            (no gloves)
SInv    .            (no boots)
Will    .....        (no amulet)
Stlth   ++           (no ring)
HPRegen 0.22/turn    (no ring)
MPRegen 0.08/turn

%: no passive effects
@: slowed, very slow
A: amphibious, slowness 1, strong legs 1, +LOS
a: Hop


You were on level 2 of the Dungeon.
You visited 1 branch of the dungeon, and saw 2 of its levels.

You collected 28 gold pieces.

Inventory:

Hand Weapons
 d - a +0 spear (weapon)
Armour
 a - a +0 robe (worn)
Potions
 b - a potion of magic
 c - 2 potions of enlightenment {unknown}
 e - a potion of attraction {unknown}
 f - a potion of berserk rage {unknown}
 g - a potion of lignification {unknown}


   Skills:
 - Level 2.1 Dodging
 - Level 1.7 Stealth
 + Level 2.3 Spellcasting
 * Level 5.1 Summonings


You had 3 spell levels left.
You knew the following spells:

 Your Spells              Type           Power      Damage    Failure   Level
a - Summon Small Mammal   Summ           68%        N/A       2%          1

Your spell library contained the following spells:

 Spells                   Type           Power      Damage    Failure   Level
 Call Imp                 Summ           34%        N/A       4%          2
 Call Canine Familiar     Summ           17%        N/A       8%          3
 Summon Blazeheart Golem  Fire/Summ      9%         N/A       58%         4
 Summon Lightning Spire   Summ/Air       9%         N/A       58%         4


Dungeon Overview and Level Annotations

Branches:
Dungeon (2/15)

Altars:

Annotations:
D:2 Natasha


Innate Abilities, Weirdness & Mutations

You are amphibious.
You cover ground slowly.
You can hop short distances.
You have an extended range of vision and can be seen from far away.


Message History

Confirm with . or Enter, or press ? or * to list all spells.
Casting: Summon Small Mammal (safe; 2% risk of failure)
Confirm with . or Enter, or press ? or * to list all spells.
Your bat hits the rat.
Your bat closely misses the rat.
The rat barely misses your bat.
You could not reach far enough!
Your bat hits the rat but does no damage.
The rat misses your bat.
You reach to attack!
You hit the rat.
You kill the rat!
No target in view!
Your bat disappears in a puff of smoke!
Magic restored.
You swap places.
Your quokka disappears in a puff of smoke!
g - a bubbling silvery potion Natasha, a ribbon worm and a goblin come into view.
Natasha casts a spell.
Natasha stares at you and mumbles some strange words.
You feel yourself slow down.
You reach to attack!
The helpless ribbon worm fails to defend itself.
You hit the ribbon worm but do no damage.
The ribbon worm bites you. Natasha casts a spell at you.
You resist with significant effort.
There are monsters nearby!
You barely miss the ribbon worm.
The ribbon worm expels a string of sticky webbing.
The stream of webbing misses you.
The stream of webbing hits the cerulean imp but does no damage.
The cerulean imp is caught in a web!
The cerulean imp tears the web.
Unknown command.
You hit the ribbon worm.
The ribbon worm is lightly wounded.
The cerulean imp hits you from afar with a +2 spear.
The ribbon worm bites you.
* * * LOW HITPOINT WARNING * * *
The cerulean imp hits you from afar with a +2 spear.
You die...

#.####.....#
#####.####.###.#
#..........# #.#
#.##..#.#..###.####
#..#.#...†.....#####
#.......######......
#.##.#.## ######.
###.##.##.#.#####
#...
#......w@.5h......
#.#.
##..##.#.###......
#.#. # #.# ......
#... #.# ..... #...
#.# .... #... #.# ..
#... ..# g #<.# ...
#... #.. #.##


You could see a ribbon worm, Natasha and a cerulean imp (summoned).

Vanquished Creatures
  A ball python (D:1)
  A frilled lizard (D:1)
  A rat (D:2)
3 creatures vanquished.

Vanquished Creatures (collateral kills)
  A hobgoblin (D:1)
  A kobold (D:1)
  A goblin (D:1)
3 creatures vanquished.

Grand Total: 6 creatures vanquished

Notes
Turn   | Place    | Note
-------+----------+-------------------------------------------
     0 | D:1      | ChadusMaximus the Barachi Summoner began the quest for the
                  | Orb.
     0 | D:1      | Reached XP level 1. HP: 13/13 MP: 3/3
   203 | D:1      | Reached skill level 5 in Summonings
   607 | D:2      | Noticed Natasha
   608 | D:2      | Noticed a cerulean imp
   611 | D:2      | Slain by a cerulean imp

Illustrated notes

Levels and vault maps discovered:
D:1:      spicycebolla_green_bress_n_ham_2, layout_basic, serial_bayou_ford_a
D:2:      layout_loops_cross, hellmonk_ecumenical_altar_zigzags, uniq_natasha,
          uniq_crazy_yiuf_cottage, uniq_robin, uniq_jessica

Skill      XL: |  1 |
---------------+----+-----
Summonings     | 5 |  5.1
Dodging        | |  2.1
Stealth        | |  1.7
Spellcasting   | |  2.3

Action                     || total
---------------------------++-------
  Melee: Spear             ||    10
         Unarmed           ||     4
   Cast: Summon Small Mamm ||     6
   Stab: Sleeping          ||     1
 Armour: Robe              ||     8
  Dodge: Dodged            ||     8
